 Dungeon Crawl Stone Soup version 0.30.1-11-g7821555f0a (webtiles) character file.

Game seed: 2531530414733294639

1267 jagang the Slasher (level 8, -5/65 HPs)
             Began as a Human Monk on Jan 4, 2024.
             Was a Believer of the Shining One.
             Slain by an ogre
             ... wielding a +0 giant spiked club
              (17 damage)
             ... on level 5 of the Dungeon.
             The game lasted 00:10:24 (4478 turns).

jagang the Slasher (Human Monk)                     Turns: 4478, Time: 00:10:25

Health: -5/65      AC: 11    Str: 12    XL:     8   Next: 82%
Magic:  8/8        EV:  7    Int: 10    God:    the Shining One [**....]
Gold:   292        SH:  0    Dex: 18    Spells: 7/7 levels left

rFire   . . .        a - +0 falchion
rCold   . . .        d - orb {light}
rNeg    + + .        e - +0 chain mail
rPois   +            u - +0 helmet
rElec   .            (no cloak)
rCorr   .            (no gloves)
SInv    .            (no boots)
Will    .....        f - amulet of the acrobat Stlth
                     n - ring of poison resistance
HPRegen 0.30/turn    r - ring of positive energy
MPRegen 0.11/turn

%: acrobat
@: glowing
A: no striking features
a: Renounce Religion, Divine Shield


You were on level 5 of the Dungeon.
You worshipped the Shining One.
The Shining One was pleased with you.
You visited 2 branches of the dungeon, and saw 6 of its levels.
You also visited: Ossuary.

You collected 292 gold pieces.

Inventory:

Hand Weapons
 a - a +0 falchion (weapon)
Missiles
 i - 6 boomerangs (quivered)
 k - 4 poisoned darts
 D - a curare-tipped dart
Armour
 d - an orb of light (worn)
 e - a +0 chain mail (worn)
 u - a +0 helmet (worn)
Jewellery
 b - a +6 ring of intelligence
 f - an amulet of the acrobat (around neck)
 h - a ring of protection from fire
 n - a ring of poison resistance (left hand)
 r - a ring of positive energy (right hand)
 z - a ring of resist corrosion
Wands
 x - a wand of digging (5)
 y - a wand of flame (18)
Scrolls
 g - a scroll of blinking
 j - 4 scrolls of poison
 q - 2 scrolls of teleportation
 s - a scroll of fear
 w - a scroll of vulnerability
 A - a scroll of enchant weapon {unknown}
 B - a scroll of silence {unknown}
Potions
 c - 2 potions of ambrosia
 l - 2 potions of flight {unknown}
 m - 2 potions of heal wounds {unknown}
 o - 4 potions of invisibility {unknown}
 p - a potion of haste {unknown}
 t - 4 potions of attraction {unknown}
 v - 3 potions of might {unknown}
 C - 2 potions of lignification {unknown}


   Skills:
 * Level 6.5 Fighting
 * Level 6.5 Long Blades
 * Level 5.5 Armour
 - Level 3.0 Dodging


You had 7 spell levels left.
You didn't know any spells.
Your spell library contained the following spells:

 Spells                   Type           Power      Damage    Failure   Level
 Lesser Beckoning         Tloc           0%         N/A       100%        2
 Gell's Gravitas          Tloc           0%         N/A       100%        3
 Teleport Other           Tloc           0%         N/A       100%        3
 Summon Forest            Summ/Tloc      0%         N/A       100%        5
 Summon Mana Viper        Hex/Summ       0%         N/A       100%        5
 Summon Cactus Giant      Summ           0%         N/A       100%        6


Dungeon Overview and Level Annotations

Branches:
Dungeon (5/15)             Temple (1/1) D:5         Ossuary (visited)

Altars:
Ashenzari
Cheibriados
Elyvilon
Gozag
Hepliaklqana
Makhleb
Nemelex Xobeh
Qazlal
Ru
Trog
Vehumet
Wu Jian
Yredelemnul
The Shining One

Shops:
D:3 (


Message History

The scorpion is moderately wounded.
The scorpion stings you.
The ogre hits you with a +0 giant spiked club!
* * * LOW HITPOINT WARNING * * *
You are too injured to fight recklessly!
The scorpion misses you. The scorpion attacks as you move away!
The scorpion misses you. The ogre attacks as you move away!
The ogre hits you with a +0 giant spiked club!
* * * LOW HITPOINT WARNING * * *
You slash the scorpion!
The scorpion is severely wounded.
The scorpion barely misses you.
You barely miss the scorpion.
The scorpion is severely wounded.
The scorpion stings you.
* * * LOW HITPOINT WARNING * * *
You hit the scorpion but do no damage.
The scorpion is severely wounded.
The scorpion stings you.
* * * LOW HITPOINT WARNING * * *
The scorpion stings you but does no damage.
You barely miss the scorpion.
The scorpion is severely wounded.
The scorpion barely misses you.
You hit the scorpion.
The scorpion is severely wounded.
The scorpion barely misses you.
You hit the scorpion but do no damage.
The scorpion is severely wounded.
The scorpion stings you but does no damage.
You completely miss the scorpion.
The scorpion is severely wounded.
The scorpion stings you but does no damage.
You slash the scorpion!
You kill the scorpion!
You slash the ogre!
The ogre is moderately wounded.
The ogre hits you with a +0 giant spiked club!
You die...

#.....
...##..##...#.## #
#.....
...#..##..)##.# #
#.....
...#.##....#..# #.
#.....
#.##.#....##.## #.
#.....##.#.(#...##..
##
#........#....###..#
#........#.####...#
#........#...)..#
#........O@..####
#.....##.#####
#..... #.. #.....
#... #..... .....
#.... ..... ##.?!.
#.


You could see an ogre.

Vanquished Creatures
  Grinder (D:3)
  A water moccasin (D:5)
  A black bear (D:4)
  A kobold brigand (D:4)
  A scorpion (D:5)
  An elf zombie (D:5)
  3 centaur zombies (Ossuary)
  A human skeleton (D:5)
  5 human zombies
  An orc priest (D:3)
  An orc wizard (D:4)
  2 mummies (Ossuary)
  Robin (D:2)
  15 adders
  A white imp (D:5)
  An adder zombie (Ossuary)
  A dart slug (D:5)
  A worm (D:5)
  16 orcs
  2 bats
  5 endoplasms
  6 giant cockroaches
  21 goblins
  12 hobgoblins
  12 jackals
  2 quokkas (D:1)
  11 ball pythons
  4 frilled lizards
  7 hobgoblin zombies (Ossuary)
  A jackal zombie (Ossuary)
  7 kobolds
  12 kobold zombies (Ossuary)
  11 orc zombies
  3 rats
  A rat zombie (Ossuary)
172 creatures vanquished.

Notes
Turn   | Place    | Note
-------+----------+-------------------------------------------
     0 | D:1      | jagang the Human Monk began the quest for the Orb.
     0 | D:1      | Reached XP level 1. HP: 18/18 MP: 1/1
   129 | D:1      | Reached XP level 2. HP: 24/24 MP: 2/2
   230 | D:1      | Reached skill level 1 in Armour
   269 | D:1      | Reached XP level 3. HP: 29/29 MP: 3/3
   501 | D:1      | Found a faded altar of an unknown god.
  1056 | D:2      | Reached XP level 4. HP: 34/36 MP: 4/4
  1375 | D:2      | Reached XP level 5. HP: 41/42 MP: 5/5
  1612 | D:2      | Noticed Robin
  1641 | D:2      | Killed Robin
  1891 | D:3      | Noticed Grinder
  1893 | D:3      | Paralysed by Grinder for 2 turns
  1947 | D:3      | Paralysed by Grinder for 5 turns
  1960 | D:3      | Killed Grinder
  1961 | D:3      | Reached XP level 6. HP: 18/50 MP: 6/6
  1961 | D:3      | Reached XP level 7. HP: 20/55 MP: 7/7
  2233 | D:3      | Reached skill level 5 in Long Blades
  2331 | D:3      | Reached skill level 5 in Fighting
  2529 | D:3      | Found Mourokhla's Antique Weapon Shoppe.
  3297 | D:4      | Found an ornate altar of the Wu Jian Council.
  3510 | D:5      | Entered Level 5 of the Dungeon
  3584 | D:5      | Noticed a water moccasin
  3596 | D:5      | Killed a water moccasin
  3597 | D:5      | Reached XP level 8. HP: 48/64 MP: 8/8
  3639 | D:5      | Found a sparkling altar of Nemelex Xobeh.
  3727 | D:5      | Reached skill level 5 in Armour
  3768 | D:5      | Found a sand-covered staircase.
  3818 | Ossuary  | Entered an ossuary
  4336 | D:5      | Found a staircase to the Ecumenical Temple.
  4343 | Temple   | Entered the Ecumenical Temple
  4388 | Temple   | Became a worshipper of the Shining One
  4388 | Temple   | Reached * piety under the Shining One
  4388 | Temple   | Reached ** piety under the Shining One
  4478 | D:5      | Slain by an ogre

Illustrated notes

Levels and vault maps discovered:
D:1:      ldierk_walled_garden_2, layout_loops_ring,
          ebering_ecumenical_altar_mist
D:2:      layout_loops_cross, minmay_snake_closets, uniq_robin
D:3:      layout_loops_ring, serial_shops, shop, uniq_grinder
D:4:      layout_loops_ring, mainiacjoe_overflow_alcove_4, hex_large
D:5:      minmay_evil_eye, layout_gridville, mainiacjoe_overflow_brackets,
          minmay_temple_entry_junction, nicolae_ossuary_entry_catacombs
Temple:   nicolae_temple_godzebo

Skill      XL: |  1  2  3  4  5  6  7  8 |
---------------+-------------------------+-----
Armour         | 1 2 3 4 5 |  5.5
Fighting       | 4 5 6 |  6.5
Long Blades    | 4 5 6 |  6.5
Dodging        | |  3.0

Action                     |  1- 3 |  4- 6 |  7- 9 || total
---------------------------+-------+-------+-------++-------
  Melee: Falchion          |    90 |   117 |   413 ||   620
    Use: Potion            |       |     2 |       ||     2
         Scroll            |       |       |     5 ||     5
 Armour: Chain mail        |    73 |    57 |   338 ||   468
  Dodge: Dodged            |    70 |    56 |   216 ||   342
